 Dungeon Sprint DCSS version 0.29-a0-824-gd827844252 (webtiles) character file.

Game seed: 1968353988201297702

287143 mhtbhm the Impaler (level 13, 111/141 HPs)
             Began as a Purple Draconian Berserker on July 10, 2022.
             Was a High Priest of Trog.
             Escaped with the Orb!
             The game lasted 00:23:37 (8512 turns).

mhtbhm the Impaler (Purple Draconian Berserker)     Turns: 8512, Time: 00:23:38

Health: 111/141    AC: 15    Str: 22 (23) XL:     13   Next: 35%
Magic:  13/13      EV: 22    Int: 13 (14) God:    Trog [*****.]
Gold:   686        SH:  0    Dex: 10 (11) Spells: 12/12 levels left

rFire   + . .      SeeInvis .   a - +11 halberd "Gram" {vorpal, rPois rCorr}
rCold   + + .      Faith    .   (shield currently unavailable)
rNeg    . . .      Spirit   .   (body armour unavailable)
rPois   +          Reflect  .   m - +1 hat "Reigil" {rF+ rC+ Will- Int+5}
rElec   .          Harm     .   L - +2 cloak
rCorr   +          Rampage  .   (no gloves)
Will    .....      NoTele   +   w - +2 pair of boots
Stlth   ++........              v - amulet of the acrobat
HPRegen 0.33/turn               i - +4 ring of evasion
MPRegen 0.13/turn               t - ring of protection from cold

@: no status effects
A: breathe power, AC +8, unfitting armour, cold-blooded, MP-powered wands
0: Orb of Zot
a: Breathe Dispelling Energy, Renounce Religion, Berserk, Trog's Hand, Brothers
in Arms


You escaped.
You worshipped Trog.
Trog was extremely pleased with you.
You visited 1 branch You collected 5641 gold pieces.
You spent 4955 gold pieces at shops.

Inventory:

Hand Weapons
 a - the +11 halberd "Gram" (weapon) {vorpal, rPois rCorr}
   (Trog gifted it to you in the Dungeon)

   It inflicts extra damage upon your enemies.
   rPois:     It protects you from poison.
   rCorr:     It protects you from acid and corrosion.
 u - a +4 bardiche of flaming
Missiles
 b - 2 curare-tipped darts (quivered)
Armour
 m - the +1 hat "Reigil" (worn) {rF+ rC+ Will- Int+5}
   (You acquired it in the Dungeon)

   Int:       It affects your intelligence (+5).
   rF:        It protects you from fire.
   rC:        It protects you from cold.
   Will:      It decreases your willpower.
 w - a +2 pair of boots (worn)
 L - a +2 cloak (worn)
Jewellery
 i - a +4 ring of evasion (left hand)
 k - a ring of resist corrosion
 l - an amulet of guardian spirit
 t - a ring of protection from cold (right hand)
 v - an amulet of the acrobat (around neck)
 y - a +4 ring of evasion
 A - an amulet of magic regeneration
 I - a ring of flight
Wands
 h - a wand of roots (3)
 C - a wand of charming (12)
 F - a wand of polymorph (9)
Scrolls
 j - a scroll of poison
 n - 3 scrolls of enchant armour
 p - 2 scrolls of immolation
 B - 4 scrolls of fog
 H - 4 scrolls of identify
 K - a scroll of summoning
Potions
 c - 4 potions of heal wounds
 d - 7 potions of curing
 e - 2 potions of magic
 f - a potion of berserk rage
 r - 2 potions of might
 s - 5 potions of invisibility
 z - 3 potions of mutation
 G - a potion of cancellation
Miscellaneous
 o - a tin of tremorstones (2/2)
 q - a box of beasts
 J - a phantom mirror (inert)


   Skills:
 + Level 20.7 Fighting
 + Level 20.8 Polearms
 + Level 1.8 Throwing
 + Level 17.2 Dodging
 + Level 8.2 Stealth
 + Level 5.9 Evocations


You had 12 spell levels left.
You didn't know any spells.
Your spell library was empty.

Dungeon Overview and Level Annotations

Branches:
Dungeon (1/1)

Altars:
Cheibriados
Dithmenos
Elyvilon
Fedhas
Gozag
Hepliaklqana
Kikubaaqudgha
Makhleb
Nemelex Xobeh
Okawaru
Qazlal
Ru
Sif Muna
Trog
Uskayaw
Vehumet
Wu Jian
Xom
Yredelemnul
Zin
The Shining One
Jiyva
Lugonu

Shops:
D !*?:*:?(*!!?***:*(?[*[

Annotations:
D Tiamat


Innate Abilities, Weirdness & Mutations

You can breathe bolts of dispelling energy.
Your rich purple scales are hard. (AC +8)
You cannot fit into any form of body armour.
You are cold-blooded and may be slowed by cold attacks.
You expend magic power (3 MP) to strengthen your wands.


Message History

The daeva is almost dead.
You completely miss the daeva. The daeva blocks your attack.
The daeva is almost dead.
The daeva hits you with a +2 eudemon blade of holy wrath.
The daeva hits you but does no damage. The daeva blocks your attack.
The daeva is almost dead.
The daeva blocks your attack. x2
The daeva is almost dead.
The daeva completely misses you.
The daeva hits you with a +2 eudemon blade of holy wrath!
You cut the daeva into ribbons!!!
You kill the daeva!
Trog accepts your kill.
You feel your intelligence returning.
You feel your dexterity returning.
Things that are here:
a +2 eudemon blade of holy wrath; the +2 tower shield "Giexiast" {rF+ rN+ Int-3 Dex+3} You see here a +8 quarterstaff.
Your extra speed is starting to run out.
The daeva calls down the wrath of the Shining One upon you.
The Shining One smites you!
There is an open door, spattered with blood here.
There is an open door here.
You feel yourself slow down.
You see here a +7 antimagic demon trident.
There is an open door here.
There is an open door here.
There is an open door here.
There is an open door here.
There is an open door here.
There is an open door here.
There is an open door, spattered with blood here.
You feel a little less mighty now.
There is an open door, spattered with blood here.
You see here a +0 giant spiked club.
There is an open door, spattered with blood here.
Things that are here:
a +0 leather armour; a +0 club
There is a staircase leading out of the dungeon here.
You have escaped!

##################
#@.#..)..#.['..#__
#..[..#..'..#..'..
#..#####'#####'#__
#..####..#...#)###
#..#__####..##.#§§
#..#_____##'#_.'≈§
#⌠⌠#_.∩...'..._#≈§
####_..__##_.#'##)
*,,#_____###'#.#[)


There were no monsters in sight!

Vanquished Creatures
  A golden dragon (D)
  A shadow dragon (D)
  A daeva (D)
  2 fire giants (D)
  A lorocyproca (D)
  A deep elf annihilator (D)
  A mummy priest (D)
  A hydra (D)
  2 centaur warriors (D)
  Sonja (D)
  A deep troll (D)
  A lindwurm (D)
  2 oklob plants (D)
  A merfolk siren (D)
  2 gargoyles (D)
  2 kobold demonologists (D)
  4 demonic crawlers (D)
  7 unseen horrors (D)
  A hellwing (D)
  5 hornets (D)
  A slime creature (D)
  Sigmund (D)
  13 hogs (D)
  A yak (D)
  2 redbacks (D)
  4 floating eyes (D)
  An ogre (D)
  7 necrophages (D)
  8 jellies (D)
  Ijyb (D)
77 creatures vanquished.

Vanquished Creatures (collateral kills)
  the Lernaean hydra (D)
  8 shining eyes (D)
  3 floating eyes (D)
12 creatures vanquished.

Vanquished Creatures (others)
  2 fire giants (D)
  A merfolk siren (D)
  2 ballistomycete spores (D)
5 creatures vanquished.

Grand Total: 94 creatures vanquished

Notes
Turn   | Place    | Note
-------+----------+-------------------------------------------
     0 | D        | mhtbhm the Draconian Berserker began the quest for the Orb.
     0 | D        | Reached XP level 1. HP: 19/19 MP: 1/1
     1 | D        | Noticed Ijyb
     7 | D        | Killed Ijyb
     8 | D        | Reached XP level 2. HP: 28/28 MP: 2/2
   154 | D        | Noticed an ogre
   159 | D        | Killed an ogre
   160 | D        | Reached skill level 5 in Polearms
   160 | D        | Reached skill level 5 in Dodging
   160 | D        | Reached skill level 1 in Evocations
   160 | D        | Reached XP level 3. HP: 38/38 MP: 3/3
   160 | D        | Reached XP level 4. HP: 45/45 MP: 4/4
   175 | D        | Noticed Sigmund
   185 | D        | Killed Sigmund
   185 | D        | Reached ** piety under Trog
   186 | D        | Reached XP level 5. HP: 56/56 MP: 5/5
   186 | D        | Reached XP level 6. HP: 62/62 MP: 6/6
   223 | D        | Found an ornate altar of the Wu Jian Council.
   223 | D        | Found a shimmering blue altar of Sif Muna.
   225 | D        | Found a radiant altar of Vehumet.
   305 | D        | Found Anas's Book Emporium.
   305 | D        | Found an ancient bone altar of Kikubaaqudgha.
   305 | D        | Found a hazy altar of Hepliaklqana.
   305 | D        | Found a stormy altar of Qazlal.
   305 | D        | Found a hide-covered altar of Uskayaw.
   305 | D        | Found a blossoming altar of Fedhas.
   305 | D        | Found a bloodstained altar of Trog.
   305 | D        | Found an iron altar of Okawaru.
   305 | D        | Found a basalt altar of Yredelemnul.
   305 | D        | Found a glowing golden altar of the Shining One.
   305 | D        | Found a snail-covered altar of Cheibriados.
   305 | D        | Found a sacrificial altar of Ru.
   305 | D        | Found a glowing silver altar of Zin.
   305 | D        | Found a shadowy altar of Dithmenos.
   305 | D        | Found a white marble altar of Elyvilon.
   305 | D        | Noticed a yak
   325 | D        | Killed a yak
   326 | D        | Found an opulent altar of Gozag.
   327 | D        | Found a sparkling altar of Nemelex Xobeh.
   488 | D        | Found a burning altar of Makhleb.
   488 | D        | Found a viscous altar of Jiyva.
   488 | D        | Found a shimmering altar of Xom.
   488 | D        | Found a corrupted altar of Lugonu.
   488 | D        | Noticed a slime creature
   497 | D        | Killed a slime creature
   498 | D        | Reached skill level 10 in Fighting
   498 | D        | Your scales start taking on a rich purple colour.
   498 | D        | Reached XP level 7. HP: 72/72 MP: 7/7
   531 | D        | Noticed a kobold demonologist
   532 | D        | Noticed a kobold demonologist
   533 | D        | Paralysed by a floating eye for 3 turns
   537 | D        | Reached *** piety under Trog
   538 | D        | Reached skill level 10 in Polearms
   541 | D        | Noticed an orange demon
   550 | D        | Killed a kobold demonologist
   582 | D        | Killed a kobold demonologist
   582 | D        | Reached **** piety under Trog
   583 | D        | Reached skill level 10 in Dodging
   583 | D        | Reached XP level 8. HP: 28/82 MP: 8/8
   836 | D        | Noticed Sonja
   855 | D        | HP: 5/123 [Sonja/+2 short sword of distortion (7)]
   856 | D        | Killed Sonja
  1205 | D        | Found Xyecvo's Distillery.
  1213 | D        | Bought 2 potions of heal wounds for 120 gold pieces
  1271 | D        | Noticed a deep troll
  1279 | D        | Killed a deep troll
  1280 | D        | Reached skill level 1 in Stealth
  1280 | D        | Reached XP level 9. HP: 92/92 MP: 9/9
  1290 | D        | Found Unetong's Armour Emporium.
  1318 | D        | Noticed a centaur warrior
  1318 | D        | Noticed a centaur warrior
  1333 | D        | Killed a centaur warrior
  1344 | D        | Killed a centaur warrior
  1345 | D        | Reached skill level 1 in Throwing
  1403 | D        | Paralysed by a hornet for 3 turns
  1721 | D        | Noticed an oklob plant
  2136 | D        | Killed an oklob plant
  2137 | D        | Reached XP level 10. HP: 103/103 MP: 7/10
  2228 | D        | Reached ***** piety under Trog
  2229 | D        | Reached skill level 5 in Evocations
  2627 | D        | Paralysed by a floating eye for 3 turns
  3071 | D        | Identified the +11 halberd "Gram" {vorpal, rPois rCorr}
                  | (Trog gifted it to you in the Dungeon)
  3071 | D        | Received a gift from Trog
  3242 | D        | Received a gift from Trog
  3268 | D        | Found Guic's Antique Weapon Shoppe.
  3268 | D        | Found Johi's Magic Scroll Shop.
  3268 | D        | Found Wutain's Assorted Antiques.
  3282 | D        | Found Ceoll's Distillery.
  3282 | D        | Found Zoppeg's Distillery.
  3282 | D        | Found Adysofe's Magic Scroll Shoppe.
  3282 | D        | Found Ivof's General Store.
  3282 | D        | Found Hihaehin's Assorted Antiques.
  3282 | D        | Found Kyemos's Assorted Antiques.
  3282 | D        | Found Gibrisa's Book Shoppe.
  3286 | D        | Found Hidoul's General Store.
  3287 | D        | Bought a potion of might for 40 gold pieces
  3287 | D        | Bought a potion of might for 40 gold pieces
  3287 | D        | Bought a potion of invisibility for 80 gold pieces
  3287 | D        | Found Ezaqujeb's Magic Scroll Emporium.
  3287 | D        | Found Witama's Antique Weapon Boutique.
  3288 | D        | Bought a potion of experience for 650 gold pieces
  3288 | D        | Found Mexunkil's Assorted Antiques.
  3296 | D        | Reached skill level 15 in Fighting
  3296 | D        | Reached XP level 11. HP: 112/112 MP: 11/11
  3367 | D        | Reached ****** piety under Trog
  3369 | D        | Received a gift from Trog
  3372 | D        | Reached skill level 15 in Dodging
  3412 | D        | Noticed a lindwurm
  3417 | D        | Killed a lindwurm
  3436 | D        | Received a gift from Trog
  3443 | D        | Reached skill level 5 in Stealth
  3447 | D        | Reached skill level 15 in Polearms
  3455 | D        | Received a gift from Trog
  3524 | D        | Noticed a 12-headed hydra
  3527 | D        | Killed a nine-headed hydra
  3620 | D        | Noticed a shining eye
  3620 | D        | Noticed a shining eye
  3620 | D        | Noticed a shining eye
  3620 | D        | Noticed a shining eye
  3620 | D        | Noticed a shining eye
  3620 | D        | Noticed a shining eye
  3622 | D        | Killed a shining eye
  3622 | D        | Paralysed by a floating eye for 3 turns
  3623 | D        | Reached XP level 12. HP: 125/125 MP: 12/12
  3623 | D        | Gained mutation: You expend magic power (3 MP) to
                  | strengthen your wands. [a shining eye]
  3630 | D        | Received a gift from Trog
  3637 | D        | Found Daklugyh's Assorted Antiques.
  3637 | D        | Found Welisy's General Store.
  3637 | D        | Found Oreb's Magic Scroll Emporium.
  3637 | D        | Found Wupsuxum's Book Boutique.
  3781 | D        | Bought a jade ring for 140 gold pieces
  3781 | D        | Bought a cabochon ring for 140 gold pieces
  3992 | D        | Noticed a shadow dragon
  3994 | D        | Noticed a golden dragon
  4003 | D        | Killed a shadow dragon
  4007 | D        | Killed a golden dragon
  4072 | D        | Found Uceap's Antique Armour Shoppe.
  4332 | D        | Noticed a daeva
  4807 | D        | Received a gift from Trog
  5378 | D        | Killed a lorocyproca
  6205 | D        | Bought a scroll of enchant armour for 90 gold pieces
  6205 | D        | Bought a scroll of enchant armour for 90 gold pieces
  6205 | D        | Bought a scroll of identify for 24 gold pieces
  6205 | D        | Bought a scroll of identify for 24 gold pieces
  6205 | D        | Bought a scroll of identify for 24 gold pieces
  6207 | D        | Bought a scroll labelled HOAFIWATREYRA for 28 gold pieces
  6207 | D        | Bought a scroll labelled ASUREE DUOCS for 28 gold pieces
  6207 | D        | Bought a scroll of identify for 56 gold pieces
  6207 | D        | Bought a scroll labelled MOMEAPOKESCH for 28 gold pieces
  6208 | D        | Bought 2 potions of curing for 60 gold pieces
  6209 | D        | Bought a potion of haste for 130 gold pieces
  6209 | D        | Bought a potion of haste for 130 gold pieces
  6209 | D        | Bought a potion of heal wounds for 65 gold pieces
  6209 | D        | Bought a potion of mutation for 104 gold pieces
  6210 | D        | Bought a scroll of blinking for 75 gold pieces
  6210 | D        | Bought a scroll of enchant armour for 75 gold pieces
  6210 | D        | Bought a scroll of enchant weapon for 75 gold pieces
  6210 | D        | Bought a scroll of identify for 20 gold pieces
  6210 | D        | Bought a scroll of identify for 20 gold pieces
  6212 | D        | Bought a short iron wand for 92 gold pieces
  6212 | D        | Identified a scroll of acquirement
  6214 | D        | Acquired the +1 hat "Reigil" {rF+ rC+ Will- Int+5}
  6232 | D        | Bought a scroll of blinking for 232 gold pieces
  6232 | D        | Bought a scroll labelled MOMEAPOKESCH for 31 gold pieces
  6232 | D        | Bought a scroll labelled IKIWUQ JUMYILU for 31 gold pieces
  6232 | D        | Bought a scroll labelled TEC WOHENU for 31 gold pieces
  6234 | D        | Bought a potion of might for 40 gold pieces
  6234 | D        | Bought a potion of invisibility for 80 gold pieces
  6234 | D        | Bought a scroll of enchant weapon for 75 gold pieces
  6235 | D        | Bought a scroll of blinking for 75 gold pieces
  6235 | D        | Bought a scroll of enchant armour for 75 gold pieces
  6244 | D        | Bought a scroll of fog for 52 gold pieces
  6898 | D        | Noticed a fire giant
  6898 | D        | Noticed a fire giant
  6898 | D        | Noticed a fire giant
  6898 | D        | Noticed a fire giant
  6903 | D        | Killed a fire giant
  6906 | D        | Killed a fire giant
  6911 | D        | Killed a fire giant
  6915 | D        | Killed a fire giant
  6978 | D        | Found the +4 dragonskin cloak
  6978 | D        | Noticed Tiamat
  7300 | D        | Bought a pair of boots for 94 gold pieces
  7330 | D        | Noticed a deep elf annihilator
  7340 | D        | Reached XP level 13. HP: 126/138 MP: 13/13
  7341 | D        | Received a gift from Trog
  7385 | D        | Killed a deep elf annihilator
  7395 | D        | Noticed a mummy priest
  7396 | D        | Paralysed by a hornet for 2 turns
  7664 | D        | Killed a mummy priest
  7768 | D        | Noticed the 27-headed Lernaean hydra
  7786 | D        | Killed the 27-headed Lernaean hydra
  7860 | D        | Noticed a deep elf master archer
  7919 | D        | Identified the +6 plate armour of Waxtel {Harm Str+4}
  7923 | D        | Identified the +1 war axe of the Maze {drain, Str+2 Int+4
                  | Dex+2}
  8133 | D        | Bought a potion of mutation for 96 gold pieces
  8133 | D        | Bought a potion of invisibility for 96 gold pieces
  8152 | D        | Bought a scroll of fog for 28 gold pieces
  8152 | D        | Bought a scroll of enchant weapon for 105 gold pieces
  8152 | D        | Bought a scroll of fog for 28 gold pieces
  8152 | D        | Bought a scroll of identify for 28 gold pieces
  8152 | D        | Bought a scroll of identify for 28 gold pieces
  8152 | D        | Bought a scroll of identify for 28 gold pieces
  8154 | D        | Bought a scroll of identify for 44 gold pieces
  8154 | D        | Bought a brass ring for 110 gold pieces
  8161 | D        | Bought a phantom mirror for 560 gold pieces
  8258 | D        | Bought a scroll of fog for 20 gold pieces
  8258 | D        | Bought a scroll of summoning for 95 gold pieces
  8260 | D        | Bought a potion of might for 104 gold pieces
  8260 | D        | Bought a scroll of enchant armour for 195 gold pieces
  8276 | D        | Bought a cloak for 126 gold pieces
  8430 | D        | Got the Orb of Zot
  8440 | D        | Identified the +2 tower shield "Giexiast" {rF+ rN+ Int-3
                  | Dex+3}
  8440 | D        | Noticed a daeva
  8459 | D        | Killed a daeva
  8512 | D        | Escaped with the Orb!

Illustrated notes

Levels and vault maps discovered:
D:        dungeon_sprint_1 [red_sonja_temple_1, red_sonja_temple_small_1]

Skill      XL: |  1  2  3  4  5  6  7  8  9 10 11 12 13 |
---------------+----------------------------------------+-----
Fighting       | 4 6 8 10 11 12 14 15 17 19 20 | 20.7
Polearms       | 4 5 7 9 11 12 13 14 16 19 20 | 20.8
Dodging        | 4 5 7 8 10 11 13 14 15 16 17 | 17.2
Evocations     | 1 2 3 4 5 |  5.9
Stealth        | 1 2 3 5 7 8 |  8.2
Throwing       | 1 |  1.8

Action                   |  1- 3 |  4- 6 |  7- 9 | 10-12 | 13-15 || total
-------------------------+-------+-------+-------+-------+-------++-------
Melee: Spear             |     6 |    42 |   154 |    93 |       ||   295
       Tailslap          |     1 |     3 |    17 |    35 |     2 ||    58
       Punch             |       |       |     3 |     4 |       ||     7
       Halberd           |       |       |       |   121 |    33 ||   154
       Bardiche          |       |       |       |     4 |       ||     4
Throw: Dart              |       |       |     2 |       |       ||     2
Invok: Berserk           |     1 |     2 |     5 |     7 |     3 ||    18
       Brothers in Arms  |       |       |       |     3 |     2 ||     5
 Abil: Breathe Dispellin |       |       |     1 |       |       ||     1
Evoke: Wand              |     4 |       |     3 |       |       ||     7
       Box of beasts     |       |       |       |     1 |     1 ||     2
       Phantom mirror    |       |       |       |       |     1 ||     1
  Use: Potion            |       |       |     3 |     2 |     4 ||     9
       Scroll            |       |       |       |    14 |     8 ||    22
 Stab: Sleeping          |       |       |       |     4 |       ||     4
       Distracted        |       |       |       |       |     1 ||     1
Armor: Skin              |       |     3 |    52 |    43 |    11 ||   109
Dodge: Dodged            |     2 |    11 |   133 |   120 |    55 ||   321

Table legend: (Time is in decaauts)
 A = Elapsed time spent in this place.
 B = Non-inter-level travel time spent in this place.
 C = Inter-level travel time spent in this place.
 D = Time resting spent in this place.
 E = Time spent auto-exploring this place.
 F = Levels seen in this place.
 G = Mean time per level.
                   A        B        C        D        E       F      G
               +--------+--------+--------+--------+--------+-----+--------+
         Total |   8444 |   8267 |    177 |   5624 |      1 |   1 | 8444.0 |
       Dungeon |   8444 |   8267 |    177 |   5624 |      1 |   1 | 8444.0 |
               +--------+--------+--------+--------+--------+-----+--------+

Top non-repeatable levels by time:
       D: 8444 daAuts
